 Dungeon Crawl Stone Soup version 0.30.1-11-g7821555f0a (webtiles) character file.

Game seed: 17400231211708572358

183909 lonewolfV2 the Tortoise (level 17, -4/159 HPs)
             Began as a Minotaur Fighter on Nov 2, 2023.
             Was a High Priest of Qazlal.
             Slain by a broodmother simulacrum (21 damage)
             ... on level 4 of the Spider Nest.
             The game lasted 01:08:57 (35207 turns).

lonewolfV2 the Tortoise (Minotaur Fighter)         Turns: 35207, Time: 01:08:58

Health: -4/159     AC: 31    Str: 30      XL:     17   Next: 38%
Magic:  4/27       EV: 21    Int:  2 (5)  God:    Qazlal [*****.]
Gold:   1957       SH: 23    Dex: 17      Spells: 16/16 levels left

rFire   + . .        a - +2 war axe (flame)
rCold   . . .        m - +3 kite shield {AC+3}
rNeg    . . .        O - +2 plate armour {rF+}
rPois   +            (helmet restricted)
rElec   .            u - +2 cloak
rCorr   .            v - +0 pair of gloves
SInv    .            M - +5 pair of boots "Nuklar" {rPois rF- Dex+2}
Will    +....        R - amulet of magic regeneration Stlth
                     G - +6 ring of strength
HPRegen 0.46/turn    g - +5 ring of evasion
MPRegen 0.60/turn

%: repel missiles
@: protected from fire, corroded, studying Armour
A: horns 2, retaliatory headbutt, hooves 2, deterioration 1, noise suppression
}: 1/15 runes: decaying
a: Renounce Religion, Upheaval, Elemental Force, Disaster Area


You were on level 4 of the Spider Nest.
You worshipped Qazlal.
Qazlal was extremely pleased with you.
You visited 6 branches of the dungeon, and saw 30 of its levels.
You also visited: Ossuary.

You collected 2042 gold pieces.
You spent 85 gold pieces at shops.

Inventory:

Hand Weapons
 a - a +2 war axe of flaming (weapon)
 Q - a -2 demon whip of venom
 U - a +1 broad axe of electrocution
Missiles
 w - 7 throwing nets (quivered)
Armour
 m - a +3 kite shield of protection (worn)
 u - a +2 cloak (worn)
 v - a +0 pair of gloves (worn)
 M - the +5 pair of boots "Nuklar" (worn) {rPois rF- Dex+2}
   (You found it on level 11 of the Dungeon)

   Dex:       It affects your dexterity (+2).
   rF:        It makes you vulnerable to fire.
   rPois:     It protects you from poison.
 O - a +2 plate armour of fire resistance (worn)
Jewellery
 c - a +4 ring of protection
 g - a +5 ring of evasion (right hand)
 h - a +6 ring of strength
 G - a +6 ring of strength (left hand)
 I - a ring of poison resistance
 N - a +4 ring of slaying
 P - a +4 ring of protection
 R - an amulet of magic regeneration (around neck)
 T - a ring of see invisible
Wands
 b - a wand of mindburst (22)
 q - a wand of light (19)
 r - a wand of flame (47)
 t - a wand of charming (28)
 A - a wand of polymorph (12)
 C - a wand of roots (4)
 J - a wand of digging (4)
Scrolls
 i - 15 scrolls of teleportation
 n - 3 scrolls of amnesia
 o - 2 scrolls of noise
 p - 8 scrolls of fear
 s - 6 scrolls of torment
 x - 3 scrolls of magic mapping
 y - a scroll of enchant weapon
 z - 20 scrolls of identify
 K - a scroll of butterflies
 L - 3 scrolls of fog
 S - 2 scrolls of poison
 X - a scroll of enchant armour
Potions
 d - 5 potions of might
 e - 6 potions of haste
 f - 4 potions of resistance
 j - 5 potions of cancellation
 k - 4 potions of curing
 l - 10 potions of lignification
 B - 2 potions of brilliance
 D - 3 potions of magic
 E - 5 potions of degeneration
 F - 3 potions of attraction
 V - a potion of invisibility
 W - 3 potions of flight
 Y - a potion of berserk rage
Miscellaneous
 H - a condenser vane


   Skills:
 - Level 16.5 Fighting
 - Level 14.9 Axes
 + Level 16.9 Armour
 + Level 15.4 Dodging
 - Level 14.8 Shields
 * Level 15.2 Invocations


You had 16 spell levels left.
You didn't know any spells.
Your spell library contained the following spells:

 Spells                   Type           Power      Damage    Failure   Level
 Apportation              Tloc           0%         N/A       99%         1
 Necrotise                Necr           0%         1d4       99%         1
 Slow                     Hex            0%         N/A       99%         1
 Summon Small Mammal      Summ           0%         N/A       99%         1
 Ensorcelled Hibernation  Hex/Ice        0%         N/A       100%        2
 Passwall                 Tmut/Erth      0%         N/A       100%        2
 Sublimation of Blood     Necr           0%         N/A       100%        2
 Wereblood                Tmut           0%         N/A       100%        2
 Dazzling Flash           Conj/Hex       0%         N/A       100%        3
 Ignite Poison            Fire/Tmut/Pois 0%         N/A       100%        3
 Inner Flame              Hex/Fire       0%         N/A       100%        3
 Swiftness                Air            0%         N/A       100%        3
 Volatile Blastmotes      Fire/Tloc      0%         2d10      100%        3
 Animate Armour           Summ/Erth      0%         N/A       100%        4
 Cause Fear               Hex            0%         N/A       100%        4
 Flame Wave               Conj/Fire      0%         2d4       100%        4
 Iskenderun's Mystic Bla  Conj/Tloc      0%         2d3       100%        4
 Sticky Flame             Conj/Fire      0%         2d3       100%        4
 Summon Ice Beast         Ice/Summ       0%         N/A       100%        4
 Blade Hands              Tmut           0%         N/A       100%        5
 Summon Mana Viper        Hex/Summ       0%         N/A       100%        5
 Yara's Violent Unravell  Hex/Tmut       0%         3d3       100%        5
 Eringya's Noxious Bog    Tmut/Pois      0%         N/A       100%        6
 Iron Shot                Conj/Erth      0%         9d1       100%        6
 Starburst                Conj/Fire      0%         6d3       100%        6
 Statue Form              Tmut/Erth      0%         N/A       100%        6
 Dragon Form              Tmut           0%         N/A       100%        7
 Enfeeble                 Hex            0%         N/A       100%        7
 Monstrous Menagerie      Summ           0%         N/A       100%        7
 Storm Form               Tmut/Air       0%         N/A       100%        7
 Summon Hydra             Summ           0%         N/A       100%        7
 Ignition                 Fire           0%         3d3       100%        8
 Summon Horrible Things   Summ           0%         N/A       100%        8
 Dragon's Call            Summ           0%         N/A       100%        9


Dungeon Overview and Level Annotations

Branches:
Dungeon (15/15)            Temple (0/1) D:7            Lair (5/5) D:10
  Swamp (4/4) Lair:2       Spider (4/4) Lair:2        Slime (0/5) Lair:5
    Orc (1/2) D:10         Vaults (0/5) D:14         Depths (1/4) D:15
Ossuary (visited)

Altars:
Ashenzari
Cheibriados
Elyvilon
Fedhas
Gozag
Hepliaklqana
Makhleb
Qazlal
Trog
Wu Jian
Zin
The Shining One
Jiyva

Shops:
D:7 ?   D:15 *


Innate Abilities, Weirdness & Mutations

You have a pair of horns on your head.
You reflexively headbutt those who attack you in melee.
You have hoof-like feet.
Your body sometimes deteriorates upon taking damage.
You passively dampen the noise of your surroundings.


Message History

You block the broodmother's attack.
Aiming: Upheaval
Press: ? - help, Dir - move target, f - orb spider
Aim: an orb spider (almost dead, summoned) Magma suddenly erupts from the ground!
The blast of magma engulfs the orb spider!!
You kill the orb spider!
The orb spider's corpse disappears in a puff of smoke!
The blast of magma engulfs the broodmother!!
The broodmother is almost dead.
The broodmother summons spiders!
You block the broodmother simulacrum's attack.
You hit the broodmother. You burn the broodmother.
The broodmother is almost dead.
You slash the redback! You burn the redback.
You hit the broodmother simulacrum.
You melt the broodmother simulacrum.
The broodmother summons a spider!
The redback misses you. You furiously retaliate!
You headbutt the redback.
You hit the broodmother but do no damage.
You headbutt the broodmother!
The broodmother is almost dead.
You hit the broodmother simulacrum.
You melt the broodmother simulacrum.
You completely miss the redback. You block the broodmother's attack.
The broodmother simulacrum completely misses you.
The redback bites you!
* * * LOW HITPOINT WARNING * * *
You slice the broodmother!! You burn the broodmother.
You kill the broodmother!
Qazlal accepts your kill.
The redback disappears in a puff of smoke! x3
You hit the broodmother simulacrum.
You melt the broodmother simulacrum.
A freezing mist starts to gather...
A broodmother simulacrum comes into view.
The broodmother simulacrum closely misses you.
You feel better.
You block the broodmother simulacrum's attack. x2
You feel better. The broodmother simulacrum bites you!
* * * LOW HITPOINT WARNING * * *
The broodmother simulacrum freezes you!!
You die...

.....##....#
...........#^.. ^.!#
.....##....+..^# #.!!#
^....#^.†..#..^^#†≈.≈###
##^###.....#....^..φ.#.##
.#^#^......##.≈..≈≈.##..#
...).†......#.○§§§○.#...#
...^^#^#^...###Z)†###...#
..~###.###....##@##....~#
...#....##.≈≈≈.Z........#
†.##.....##≈......○.....##
†.^.....[...........≈....##
..##.....##..^..#.#^.....^#
...##..^##^..^###†###....~#
...###.###.^..##..≈##^..###
...^.#.#^....##...†.##..#
.......................$.#


You could see 2 broodmother simulacra.

Vanquished Creatures
  2 thorn hunters (Swamp:4)
  Roxanne (D:15)
  2 emperor scorpions (Spider:4)
  4 ghost moths
  An ironbound preserver (D:14)
  6 broodmothers (Spider:4)
  6 dire elephants
  4 bunyips
  2 eleionomae
  Snorg (D:14)
  The ghost of booth the Basher, a journeyman GrMo of Hepliaklqana (Lair:3)
  4 entropy weavers
  A great orb of eyes (D:15)
  A shambling mangrove (Swamp:3)
  15 hydras
  5 radroaches
  A jorogumo (Spider:2)
  3 death knights
  Erica (D:10)
  3 catoblepae
  3 ghost crabs
  5 two-headed ogres
  3 boulder beetles
  A centaur warrior (D:13)
  5 alligators
  2 tengu warriors (D:13)
  2 death yaks
  A spectral dire elephant (Lair:5)
  Sonja (Lair:4)
  A skeletal warrior (D:14)
  14 spriggans
  Amaemon (Lair:3)
  6 pharaoh ants
  A death drake (Swamp:4)
  A spectral anaconda (Lair:5)
  4 sun moths
  3 goliath frogs (Swamp:4)
  15 swamp dragons
  12 orb spiders
  2 bog bodies
  5 spriggan druids
  3 lindwurms (Swamp:4)
  An obsidian statue (Lair:5)
  4 deep elf pyromancers
  3 steelbarb worms
  4 necromancers (Lair:5)
  17 wolf spiders
  Pikel (D:5)
  An orc knight (D:15)
  9 ugly things
  3 manticores
  3 will-o-the-wisps
  2 cyclopes
  22 elephants
  Joseph (D:7)
  A moth of wrath (Spider:4)
  A demonic crawler (Spider:1)
  A black mamba (Lair:2)
  3 torpor snails
  A gargoyle (D:12)
  6 cane toads
  An orange demon (Lair:3)
  8 komodo dragons
  3 freezing wraiths
  2 rime drakes
  3 kobold demonologists (D:11)
  2 efreet
  A tengu conjurer (D:13)
  8 trolls
  2 polar bears
  6 meliai
  A troll (shapeshifter) (D:15)
  Prince Ribbit (D:5)
  6 tyrant leeches
  13 hornets
  28 tarantellas
  21 blink frogs
  A spectral elephant (Lair:5)
  3 slime creatures (D:14)
  20 jumping spiders
  Sigmund (D:5)
  3 shadows
  A water elemental (D:11)
  12 culicivoras
  A vampire (D:14)
  2 basilisks
  3 wyverns
  5 wraiths
  A death yak simulacrum (Lair:5)
  12 yaks
  A fire elemental (Lair:2)
  43 redbacks
  A steam dragon (D:10)
  13 vampire mosquitoes
  8 swamp worms
  A warg (Orc:1)
  A spectral cane toad (Lair:5)
  3 acid dragons
  12 water moccasins
  A sky beast (D:8)
  5 orc warriors
  2 elephant zombies (Lair:5)
  6 swamp drakes (Swamp:4)
  9 black bears
  4 ogres
  11 wolves
  4 centaurs
  3 boggarts (D:13)
  7 kobold brigands
  2 phantoms (D:6)
  3 elf zombies (Ossuary)
  Blork the orc (D:5)
  2 gnoll sergeants (D:6)
  11 bullfrogs
  3 scorpions
  A cane toad simulacrum (Lair:5)
  8 wights (D:8)
  6 killer bees (D:9)
  2 elephant simulacra (Lair:5)
  9 electric eels
  5 lava snakes (Lair:2)
  6 howler monkeys
  A human zombie (Ossuary)
  A centaur zombie (Ossuary)
  5 hounds
  4 gnoll boudas (D:5)
  A jelly (shapeshifter) (D:14)
  6 orc priests
  2 jellies
  Jessica (D:2)
  5 iguanas
  2 sleepcaps
  Natasha (D:2)
  7 orc wizards
  8 hell rats (Lair:5)
  3 mummies
  17 gnolls
  6 adders
  10 river rats
  A shadow imp (D:6)
  An ufetubus (D:5)
  2 worms
  A dart slug (D:2)
  43 orcs
  10 ball pythons
  12 endoplasms
  7 giant cockroaches
  6 goblins
  12 hobgoblins
  14 jackals (D:5)
  4 quokkas
  2 bats
  6 frilled lizards
  7 hobgoblin zombies
  A jackal zombie (Ossuary)
  25 kobolds
  12 kobold zombies
  11 orc zombies (Ossuary)
  13 rats
  2 rat zombies (Ossuary)
876 creatures vanquished.

Vanquished Creatures (collateral kills)
  A dire elephant (Lair:5)
  An elephant (Lair:5)
2 creatures vanquished.

Vanquished Creatures (others)
  A spectral death yak (Lair:5)
  An orb spider (Spider:3)
  A swamp dragon (Swamp:4)
  2 bloated husks (Swamp:2)
  A wolf spider simulacrum (D:14)
  2 boggarts (D:13)
  2 river rats (Lair:5)
  20 foxfires
30 creatures vanquished.

Grand Total: 908 creatures vanquished

Notes
Turn   | Place    | Note
-------+----------+-------------------------------------------
     0 | D:1      | lonewolfV2 the Minotaur Fighter began the quest for the
                  | Orb.
     0 | D:1      | Reached XP level 1. HP: 19/19 MP: 0/0
   130 | D:1      | Reached skill level 1 in Dodging
   231 | D:1      | Reached XP level 2. HP: 22/26 MP: 1/1
  1124 | D:2      | Reached XP level 3. HP: 31/31 MP: 2/2
  1137 | D:2      | Noticed Jessica
  1143 | D:2      | Killed Jessica
  1372 | D:2      | Found a hazy altar of Hepliaklqana.
  1386 | D:2      | Reached XP level 4. HP: 39/39 MP: 3/3
  1562 | D:2      | Noticed Natasha
  1567 | D:2      | Killed Natasha
  2263 | D:3      | Found a broken altar of Ashenzari.
  2363 | D:4      | Noticed a scorpion
  2367 | D:4      | Reached XP level 5. HP: 14/45 MP: 4/4
  2384 | D:4      | Reached skill level 5 in Armour
  2384 | D:4      | Reached XP level 6. HP: 14/51 MP: 5/5
  2572 | D:4      | Reached skill level 5 in Axes
  2580 | D:4      | Found a stormy altar of Qazlal.
  2583 | D:4      | Found an ornate altar of the Wu Jian Council.
  2583 | D:4      | Found a bloodstained altar of Trog.
  2584 | D:4      | Found a glowing silver altar of Zin.
  2584 | D:4      | Found a glowing golden altar of the Shining One.
  2584 | D:4      | Found a blossoming altar of Fedhas.
  2585 | D:4      | Found a white marble altar of Elyvilon.
  2598 | D:4      | Became a worshipper of Qazlal Stormbringer
  3062 | D:5      | Entered Level 5 of the Dungeon
  3063 | D:5      | Gained mutation: You are clumsy. (Dex -2) [potion of
                  | mutation]
  3063 | D:5      | Gained mutation: You expend magic power (3 MP) to
                  | strengthen your wands. [potion of mutation]
  3063 | D:5      | Gained mutation: You occasionally lose the ability to drink
                  | potions when taking damage. [potion of mutation]
  3064 | D:5      | Lost mutation: You are clumsy. (Dex -2) [potion of
                  | mutation]
  3064 | D:5      | Lost mutation: You expend magic power (3 MP) to strengthen
                  | your wands. [potion of mutation]
  3064 | D:5      | Gained mutation: Your spells are a little harder to cast,
                  | but a little more powerful. [potion of mutation]
  3064 | D:5      | Lost mutation: You occasionally lose the ability to drink
                  | potions when taking damage. [potion of mutation]
  3065 | D:5      | Lost mutation: Your spells are a little harder to cast, but
                  | a little more powerful. [potion of mutation]
  3065 | D:5      | Gained mutation: You have an increased reservoir of magic.
                  | (+10% MP) [potion of mutation]
  3080 | D:5      | Reached XP level 7. HP: 50/57 MP: 6/6
  3208 | D:5      | Reached * piety under Qazlal
  3279 | D:5      | Noticed Pikel
  3292 | D:5      | Killed Pikel
  3293 | D:5      | Reached XP level 8. HP: 61/64 MP: 7/7
  3552 | D:5      | Reached skill level 1 in Invocations
  3637 | D:5      | Noticed Sigmund
  3649 | D:5      | Killed Sigmund
  3694 | D:5      | Reached skill level 10 in Armour
  3735 | D:5      | Reached ** piety under Qazlal
  3735 | D:5      | Noticed Blork the orc
  3750 | D:5      | Killed Blork the orc
  4073 | D:5      | Noticed Prince Ribbit
  4075 | D:5      | Reached XP level 9. HP: 70/70 MP: 11/11
  4107 | D:5      | Killed Prince Ribbit
  4727 | D:6      | You fall into a shaft and drop 3 floors!
  4786 | D:9      | Reached skill level 5 in Dodging
  4855 | D:9      | Reached *** piety under Qazlal
  4929 | D:9      | Noticed a two-headed ogre
  4934 | D:9      | Killed a two-headed ogre
  4935 | D:9      | Reached skill level 5 in Invocations
  5093 | D:8      | Found a flagged portal.
  5158 | D:8      | Reached XP level 10. HP: 77/77 MP: 14/14
  5273 | D:8      | Found a sand-covered staircase.
  5280 | Ossuary  | Entered an ossuary
  5310 | Ossuary  | Reached **** piety under Qazlal
  6670 | D:7      | Noticed Joseph
  6704 | D:7      | Killed Joseph
  6744 | D:7      | Found a staircase to the Ecumenical Temple.
  6845 | D:7      | Found a snail-covered altar of Cheibriados.
  6894 | D:7      | Found Lauk's Magic Scroll Shop.
  7377 | D:6      | Reached ***** piety under Qazlal
  7404 | D:6      | Reached skill level 10 in Dodging
  8723 | D:9      | Found a burning altar of Makhleb.
  8806 | D:10     | Entered Level 10 of the Dungeon
  8810 | D:10     | Noticed Erica
  8828 | D:10     | Killed Erica
  8865 | D:10     | Noticed a two-headed ogre
  8872 | D:10     | Killed a two-headed ogre
  8873 | D:10     | Reached XP level 11. HP: 63/82 MP: 17/17
  8890 | D:10     | Noticed a two-headed ogre
  8898 | D:10     | Killed a two-headed ogre
  8955 | D:10     | Reached skill level 5 in Fighting
  8999 | D:10     | Found an opulent altar of Gozag.
  9134 | D:10     | Found a staircase to the Orcish Mines.
  9275 | D:10     | Found a staircase to the Lair.
  9540 | Orc:1    | Entered Level 1 of the Orcish Mines
  9562 | Orc:1    | Noticed an ettin
  9794 | Lair:1   | Entered Level 1 of the Lair of Beasts
 10276 | Lair:1   | Reached skill level 10 in Invocations
 11336 | Lair:2   | Found a hole to the Spider Nest.
 11338 | Lair:2   | Reached XP level 12. HP: 104/104 MP: 21/21
 11606 | Lair:2   | Found a staircase to the Swamp.
 12221 | Lair:3   | Reached skill level 10 in Fighting
 12223 | Lair:3   | Reached skill level 5 in Shields
 12263 | Lair:3   | Noticed Amaemon
 12284 | Lair:3   | Killed Amaemon
 12996 | Lair:3   | Reached ****** piety under Qazlal
 13099 | Lair:3   | Noticed a six-headed hydra
 13104 | Lair:3   | Killed a seven-headed hydra
 13506 | Lair:3   | Noticed booth's ghost (journeyman GrMo)
 13508 | Lair:3   | Found a runed translucent door.
 13894 | Lair:4   | Noticed an eight-headed hydra
 13902 | Lair:4   | Killed an eight-headed hydra
 14085 | Lair:4   | Noticed a catoblepas
 14095 | Lair:4   | Killed a catoblepas
 14096 | Lair:4   | Reached skill level 10 in Shields
 14405 | Lair:4   | Noticed a death yak
 14412 | Lair:4   | Killed a death yak
 14413 | Lair:4   | Reached XP level 13. HP: 117/117 MP: 22/22
 14535 | Lair:4   | Noticed Sonja
 14552 | Lair:4   | Killed Sonja
 15188 | Lair:5   | Entered Level 5 of the Lair of Beasts
 15966 | Lair:5   | Found a viscous altar of Jiyva.
 15966 | Lair:5   | Found a staircase to the Slime Pits.
 15993 | Lair:5   | Noticed a dire elephant
 15993 | Lair:5   | Noticed a dire elephant
 15993 | Lair:5   | Noticed a dire elephant
 15993 | Lair:5   | Noticed a dire elephant
 15993 | Lair:5   | Noticed a dire elephant
 15997 | Lair:5   | Noticed a dire elephant
 16006 | Lair:5   | Killed a dire elephant
 16007 | Lair:5   | Killed a dire elephant
 16293 | Lair:5   | Killed a dire elephant
 16293 | Lair:5   | Killed a dire elephant
 16295 | Lair:5   | Killed a dire elephant
 16301 | Lair:5   | Killed a dire elephant
 17612 | Lair:5   | Reached XP level 14. HP: 128/132 MP: 23/23
 18324 | D:11     | Identified the +5 pair of boots "Nuklar" {rPois rF- Dex+2}
 19567 | D:12     | Got Eneamabe's Directory of Assistive Interference
 19587 | D:12     | Lost mutation: You have an increased reservoir of magic.
                  | (+10% MP) [potion of mutation]
 19587 | D:12     | Gained mutation: You have a pair of large horns on your
                  | head. [potion of mutation]
 19822 | D:12     | Identified a scroll of acquirement
 19823 | D:12     | Acquired a manual of Armour
 21395 | D:13     | Lost mutation: You have a pair of large horns on your head.
                  | [potion of mutation]
 21395 | D:13     | Gained mutation: You have large cloven feet. [potion of
                  | mutation]
 21395 | D:13     | Gained mutation: Your body sometimes deteriorates upon
                  | taking damage. [potion of mutation]
 21395 | D:13     | Gained mutation: You passively dampen the noise of your
                  | surroundings. [potion of mutation]
 21811 | D:14     | Noticed Snorg
 21830 | D:14     | Killed Snorg
 22261 | D:14     | Found a gate to the Vaults.
 22261 | D:14     | Noticed an ironbound preserver
 22268 | D:14     | Killed an ironbound preserver
 22650 | D:15     | Entered Level 15 of the Dungeon
 22874 | D:15     | Identified Roxanne's Almanac of the Shift
 22874 | D:15     | Noticed Roxanne
 22929 | D:15     | Killed Roxanne
 23352 | D:15     | Found Hoazoimu's Humungous Hoard.
 23360 | D:15     | Bought a potion of heal wounds for 85 gold pieces
 23452 | D:15     | Reached XP level 15. HP: 82/138 MP: 23/23
 23719 | D:15     | Found a bloodstained altar of Trog.
 24014 | D:15     | Found a staircase to the Depths.
 24033 | D:15     | Paralysed by a great orb of eyes for 2 turns
 24478 | Depths:1 | Entered Level 1 of the Depths
 24743 | Lair:3   | Killed booth's ghost
 24744 | Lair:3   | Reached skill level 15 in Armour
 24799 | Spider:1 | Entered Level 1 of the Spider Nest
 25296 | Spider:1 | HP: 3/138 [suicidal targeting (25)]
 25298 | Spider:1 | Gained mutation: You have hoof-like feet. [mutagenic glow]
 25999 | Swamp:1  | Entered Level 1 of the Swamp
 27002 | Swamp:2  | Reached skill level 15 in Fighting
 27269 | Swamp:3  | Reached skill level 10 in Axes
 28243 | Swamp:4  | Entered Level 4 of the Swamp
 28297 | Swamp:4  | Noticed a thorn hunter
 28312 | Swamp:4  | Killed a thorn hunter
 28316 | Swamp:4  | Reached XP level 16. HP: 55/151 MP: 15/24
 29748 | Swamp:4  | Noticed a thorn hunter
 29756 | Swamp:4  | Killed a thorn hunter
 29950 | Swamp:4  | Got a decaying rune of Zot
 32289 | Spider:3 | HP: 4/152 [disintegration (41)]
 34060 | Spider:3 | Identified the +0 scale mail of the Soldier {Regen+}
 34430 | Spider:4 | Entered Level 4 of the Spider Nest
 34621 | Spider:4 | Reached XP level 17. HP: 157/159 MP: 26/26
 34645 | Spider:4 | Reached skill level 15 in Dodging
 35187 | Spider:4 | Reached skill level 15 in Invocations
 35207 | Spider:4 | Slain by a broodmother simulacrum

Illustrated notes

Levels and vault maps discovered:
D:1:      dpeg_arrival_ratfight, layout_basic
D:2:      minmay_wonky_spiral, layout_basic, basic_altar, uniq_jessica,
          uniq_natasha
D:3:      layout_rooms, mainiacjoe_overflow_surrounded_room
D:4:      minmay_clustersquares, layout_basic, grunt_temple_overflow_open
D:5:      lemuel_castle_with_subvaults [lemuel_castle_interior_carwin_2],
          layout_cave_pools, lexackson_kobold_supper, uniq_pikel, uniq_sigmund,
          uniq_blork_the_orc, uniq_prince_ribbit1
D:6:      layout_loops_ring, gup_sewer_entry_spiral
D:7:      layout_loops_corners, mainiacjoe_overflow_chevrons,
          minmay_temple_entry_slanted, serial_shops, shop, uniq_joseph
D:8:      layout_rooms, enter_bailey_5, nicolae_ossuary_entry_giza
D:9:      layout_basic, kennysheep_mini_moat
D:10:     layout_cross, grunt_gozag_statues, david_lair_generic, uniq_erica
D:11:     nicolae_moon_pools, layout_loops_ring
D:12:     layout_basic
D:13:     layout_basic
D:14:     layout_loops_ring, skrybe_vaults_entry_preservation,
          grunt_decor_one_mirror, uniq_snorg
D:15:     hangedman_depths_entry_try_elsewhere_first, layout_long_grid,
          trog_three_pillars_becter, chequers_serial_rivers_micro_a,
          nicolae_alphabet_shops, uniq_roxanne
Lair:1:   layout_cellular_growth, chequers_serial_rivers_marsh, minivault_23,
          grunt_megastairs_5
Lair:2:   layout_long_grid, minmay_swamp_entry_worms, spider_nest_entry_a,
          enter_volcano_4, nicolae_lair_liquid_snakes
Lair:3:   layout_chaotic_city, hellmonk_ghost_happy_afterlife,
          beast_lair_carwin_9, uniq_amaemon
Lair:4:   layout_layer_cave, st_stairs_4, nicolae_lair_yak_garden, uniq_sonja
Lair:5:   due_jungle_book, layout_regular_city, dpeg_slime_entry_enclosed,
          kennysheep_rathole, serial_bayou_shore_a
Swamp:1:  layout_basic_swamp, evilmike_swamp_ruin_house_3,
          infiniplex_staircase_pool
Swamp:2:  layout_basic_swamp, evilmike_swamp_ruin_house_2
Swamp:3:  layout_basic_swamp, evilmike_swamp_ruin_house_5, swamp_pool3
Swamp:4:  swamp_alternative, layout_basic_swamp, swamp_pool2
Spider:1: layout_spider_delve, hangedman_spider_tarantella_strand
Spider:2: layout_spider_delve
Spider:3: layout_chambers, nicolae_orb_island
Spider:4: hellmonk_spider_rune_endless_swarm, uniq_kirke
Orc:1:    layout_caves, serial_shops, shop, guppyfry_orc_lava_fort, uniq_harold
Depths:1: layout_cave_pools, enter_ziggurat_c, abyss_entry,
          nicolae_hell_entry_hellmouth_sunbeams, hangedman_abyss_or_decor_slice,
          eat_drink_and_be_merry_uskayaw

Skill      XL: |  1  2  3  4  5  6  7  8  9 10 11 12 13 14 15 16 17 |
---------------+----------------------------------------------------+-----
Dodging        | 1 2 3 4 7 11 14 15 | 15.4
Axes           | 3 4 5 6 7 11 14 | 14.9
Armour         | 4 5 6 8 11 14 15 16 | 16.9
Invocations    | 3 5 8 10 11 12 14 15 | 15.2
Fighting       | 9 11 14 15 16 | 16.5
Shields        | 10 14 | 14.8

Action                     |  1- 3 |  4- 6 |  7- 9 | 10-12 | 13-15 | 16-18 || total
---------------------------+-------+-------+-------+-------+-------+-------++-------
  Melee: War axe           |    68 |   103 |   246 |   523 |   370 |   519 ||  1829
         Headbutt          |     7 |    11 |    43 |    99 |   266 |   140 ||   566
         Broad axe         |       |       |       |       |   521 |    51 ||   572
 Invoke: Upheaval          |       |       |       |     2 |     5 |     8 ||    15
         Disaster Area     |       |       |       |       |     5 |     4 ||     9
         Elemental Force   |       |       |       |       |     2 |       ||     2
  Evoke: Wand              |       |       |       |     7 |       |     1 ||     8
    Use: Scroll            |     2 |    10 |     2 |    11 |    13 |     2 ||    40
         Potion            |       |     4 |     1 |     1 |    18 |     8 ||    32
   Stab: Distracted        |       |       |     1 |       |       |       ||     1
         Paralysed         |       |       |       |       |     6 |       ||     6
 Armour: Scale mail        |    25 |    27 |    30 |       |       |       ||    82
         Plate armour      |       |       |    20 |   284 |   504 |   248 ||  1056
         Chain mail        |       |       |    17 |       |       |       ||    17
  Dodge: Dodged            |    60 |    81 |   196 |   354 |   805 |   424 ||  1920
         Repelled          |       |       |       |    10 |    16 |     5 ||    31
  Block: Buckler           |    17 |    34 |   115 |   430 |   406 |       ||  1002
         Kite shield       |       |       |       |       |   783 |   987 ||  1770
